 Dungeon Crawl Stone Soup version 0.19.0-11-g3fc08b3 (webtiles) character file.

13661 lorenzova the Fighter (level 11, -1/157 HPs)
             Began as a Minotaur Berserker on Nov 8, 2016.
             Was a High Priest of Trog.
             Slain by a white ugly thing (13 damage)
             ... on level 11 of the Dungeon.
             The game lasted 00:21:39 (10471 turns).

lorenzova the Fighter (Minotaur Berserker)         Turns: 10471, Time: 00:21:39

Health: -1/157     AC: 16    Str: 30    XL:     11   Next: 78%
Magic:  10/10      EV: 16    Int:  4    God:    Trog [*****.]
Gold:   659        SH:  0    Dex: 10    Spells: 0 memorised, 10 levels left

rFire  + . .     SeeInvis +     T - +2 war axe (vamp)
rCold  . . .     Gourm    .     o - +2 scale mail {rF+}
rNeg   . . .     Faith    .     (no shield)
rPois  .         Spirit   .     (helmet restricted)
rElec  .         Reflect  .     J - +0 cloak
rCorr  .         Harm     .     N - +2 pair of gloves
MR     .....                    (no boots)
Stlth  ..........               (no amulet)
                                (no ring)
                                U - ring of see invisible

@: berserking, very quick
A: retaliatory headbutt, horns 2
a: Berserk, Trog's Hand, Brothers in Arms, Burn Spellbooks, Renounce Religion


You were on level 11 of the Dungeon.
You worshipped Trog.
Trog was extremely pleased with you.
You were very hungry.

You visited 1 branch of the dungeon, and saw 11 of its levels.
You also visited: Ossuary.

You collected 659 gold pieces.

Inventory:

Hand Weapons
 K - a +2 flail of crushing
 T - a +2 vampiric war axe (weapon)
Missiles
 I - 4 poisoned tomahawks (quivered)
Armour
 o - a +2 scale mail of fire resistance (worn)
 r - a +0 pair of gloves
 J - a +0 cloak (worn)
 N - a +2 pair of gloves (worn)
 O - a +0 chain mail
Jewellery
 Q - an uncursed amulet of harm
 U - a ring of see invisible (left hand)
Wands
 a - a wand of paralysis (16/24)
 g - a wand of iceblast (12/15)
 H - a wand of acid (7/15)
 L - a wand of polymorph (16/24)
 P - a wand of acid (4/15)
 R - a wand of disintegration (10/24)
 W - a wand of teleportation (4/9)
Scrolls
 d - 7 scrolls of teleportation
 h - 5 scrolls of remove curse
 i - 5 scrolls of noise {unknown}
 k - 3 scrolls of fog {unknown}
 q - 2 scrolls of amnesia {unknown}
 t - 2 scrolls of fear {unknown}
 u - a scroll of magic mapping {unknown}
 y - a scroll of immolation {unknown}
 A - 4 scrolls of random uselessness {unknown}
 B - 2 scrolls of enchant weapon {unknown}
 D - 3 scrolls of recharging {unknown}
 F - 2 scrolls of enchant armour {unknown}
Potions
 e - 11 potions of curing
 j - 6 potions of haste
 l - 2 potions of cancellation
 m - 3 potions of flight
 n - 3 potions of agility
 p - a potion of berserk rage
 s - a potion of might
 v - a potion of beneficial mutation
 x - 3 potions of lignification {unknown}
 z - 3 potions of mutation {unknown}
 C - 2 potions of magic {unknown}
 E - a potion of invisibility {unknown}
 S - a potion of heal wounds {unknown}
Comestibles
 c - 4 bread rations
 f - 6 meat rations
 w - 2 royal jellies
 G - 2 beef jerkies
 M - 4 slices of pizza


   Skills:
 + Level 12.6 Fighting
 * Level 8.0 Axes
 + Level 12.4 Armour
 + Level 11.7 Dodging


You had 10 spell levels left.
You didn't know any spells.

Dungeon Overview and Level Annotations

Branches:
Dungeon (11/15)            Temple (0/1) D:6            Lair (0/6) D:10
    Orc: D:9-12

Altars:
Elyvilon
Fedhas
Hepliaklqana
Kikubaaqudgha
Nemelex Xobeh
Ru
Uskayaw
Vehumet
Xom
Yredelemnul
The Shining One


Innate Abilities, Weirdness & Mutations

You reflexively headbutt those who attack you in melee.
You have a pair of horns on your head.


Message History

The centaur is almost dead.
You closely miss the white ugly thing. The centaur closely misses you.
The white ugly thing pecks you! The white ugly thing freezes you!!
* * * LOW HITPOINT WARNING * * *
The centaur misses you. You furiously retaliate!
You headbutt the centaur.
You kill the centaur!
Trog accepts your kill.
You are too injured to fight recklessly!
You are too injured to fight recklessly!
A red film seems to cover your vision as you go berserk!
You feel yourself moving faster!
You feel mighty!
You are feeling very hungry.
The white ugly thing pecks you.
* * * LOW HITPOINT WARNING * * *
The white ugly thing freezes you!!
* * * LOW HITPOINT WARNING * * *
You closely miss the white ugly thing. You headbutt the white ugly thing.
The white ugly thing is moderately wounded.
The white ugly thing pecks you!
You die...

#.............#
#.............#
#.............#
#....>.........
#.........<....
#.............#
#.....)u).....#
#@# #(# ###.#
#...#
###'#######
#.........#
#.........#
#.>.......#
#.........+


You could see a white ugly thing.

Vanquished Creatures
  The ghost of dobroeutro the Severer, a novice MiBe of Trog (D:10)
  An unseen horror (D:10)
  A cyclops (D:11)
  A gargoyle (D:10)
  3 trolls
  A hornet (D:9)
  2 two-headed ogres (D:8)
  Grinder (D:4)
  Prince Ribbit (D:8)
  Sigmund (D:4)
  15 yaks
  A wyvern (D:9)
  A human (D:9)
  2 basilisks
  4 hogs (D:9)
  2 hungry ghosts
  The ghost of Juniper the Slasher, an amateur DrBe of Hepliaklqana (D:4)
  A steam dragon (D:10)
  A water moccasin (D:9)
  7 porcupines (D:10)
  3 ice beasts
  2 sky beasts (D:5)
  2 orc warriors
  2 phantoms
  6 ogres
  2 black bears
  10 centaurs
  2 crocodiles (D:9)
  2 big kobolds
  Blork the orc (D:4)
  4 bullfrogs
  A gnoll sergeant (D:9)
  2 scorpions
  3 killer bees (D:10)
  16 wights
  A howler monkey (D:9)
  2 vampire bats (D:3)
  3 crimson imps
  A centaur zombie (Ossuary)
  3 bullfrog zombies
  A jelly (D:8)
  A hound (D:10)
  2 human zombies (Ossuary)
  4 orc priests
  8 orc wizards
  A bullfrog skeleton (D:5)
  4 iguanas
  Terence (D:2)
  7 worker ants
  2 hound skeletons
  A hound zombie (D:8)
  5 mummies (Ossuary)
  7 gnolls
  10 adders
  6 river rats
  A shadow imp (D:8)
  5 adder skeletons
  2 worms
  2 dart slugs
  4 leopard geckos
  59 orcs
  4 ball pythons
  6 bats
  5 bat skeletons (D:3)
  2 bat zombies (D:3)
  10 giant cockroaches
  2 gnoll zombies (D:5)
  7 goblins
  9 hobgoblins
  15 jackals
  6 quokkas
  A frilled lizard (D:3)
  A goblin zombie (Ossuary)
  2 hobgoblin zombies (Ossuary)
  13 kobolds
  2 kobold zombies (Ossuary)
  A quokka skeleton (D:5)
  5 rats
340 creatures vanquished.

Vanquished Creatures (others)
  A fungus (D:10)
  4 plants (D:10)
5 creatures vanquished.

Grand Total: 345 creatures vanquished

Notes
Turn   | Place    | Note
-------+----------+-------------------------------------------
     0 | D:1      | lorenzova the Minotaur Berserker began the quest for the Orb.
     0 | D:1      | Reached XP level 1. HP: 19/19 MP: 0/0
   100 | D:1      | Reached XP level 2. HP: 27/27 MP: 1/1
   686 | D:2      | Reached XP level 3. HP: 33/33 MP: 2/2
   778 | D:2      | Reached ** piety under Trog
   794 | D:2      | Noticed Terence
   806 | D:2      | Killed Terence
   888 | D:2      | Reached XP level 4. HP: 40/40 MP: 3/3
  1273 | D:3      | Found a shimmering altar of Xom.
  1494 | D:3      | Found an ancient bone altar of Kikubaaqudgha.
  1500 | D:3      | Reached *** piety under Trog
  1500 | D:3      | Reached XP level 5. HP: 44/47 MP: 4/4
  1501 | D:3      | Reached skill level 5 in Fighting
  1620 | D:4      | Found a sand-covered staircase.
  1625 | Ossuary  | Entered an ossuary
  1665 | Ossuary  | Reached XP level 6. HP: 56/56 MP: 5/5
  1939 | Ossuary  | Reached skill level 5 in Armour
  1939 | Ossuary  | Reached skill level 5 in Dodging
  2151 | D:4      | Noticed Sigmund
  2159 | D:4      | Killed Sigmund
  2159 | D:4      | Reached XP level 7. HP: 63/63 MP: 6/6
  2256 | D:4      | Noticed Juniper's ghost (amateur DrBe)
  2271 | D:4      | Killed Juniper's ghost
  2395 | D:4      | Noticed Blork the orc
  2414 | D:4      | Killed Blork the orc
  2414 | D:4      | Received a gift from Trog
  2414 | D:4      | Reached XP level 8. HP: 50/73 MP: 7/7
  2519 | D:4      | Noticed Grinder
  2523 | D:4      | Paralysed by Grinder for 7 turns
  2535 | D:4      | Killed Grinder
  2931 | D:5      | Entered Level 5 of the Dungeon
  3219 | D:5      | Found a hide-covered altar of Uskayaw.
  3219 | D:5      | Found a radiant altar of Vehumet.
  3304 | D:5      | Received a gift from Trog
  3783 | D:5      | Found a basalt altar of Yredelemnul.
  3993 | D:6      | Reached XP level 9. HP: 81/82 MP: 8/8
  4075 | D:6      | Reached **** piety under Trog
  4155 | D:6      | Found a staircase to the Ecumenical Temple.
  4158 | D:6      | Found a sacrificial altar of Ru.
  4658 | D:7      | Found a blossoming altar of Fedhas.
  4989 | D:7      | Found a glowing golden altar of the Shining One.
  5531 | D:8      | Reached ***** piety under Trog
  5645 | D:8      | Reached skill level 10 in Fighting
  5857 | D:8      | Reached skill level 10 in Armour
  6186 | D:8      | Found a hazy altar of Hepliaklqana.
  6277 | D:8      | Found a faded altar of an unknown god.
  6277 | D:8      | Found a white marble altar of Elyvilon.
  6282 | D:8      | Found a faded altar of an unknown god.
  6284 | D:8      | Found a faded altar of an unknown god.
  6285 | D:8      | Found a faded altar of an unknown god.
  6388 | D:8      | Reached XP level 10. HP: 70/94 MP: 9/9
  6573 | D:8      | Noticed Prince Ribbit
  6581 | D:8      | Killed Prince Ribbit
  6887 | D:9      | Reached skill level 10 in Dodging
  6919 | D:9      | Paralysed by a hornet for 2 turns
  8150 | D:9      | Found a sparkling altar of Nemelex Xobeh.
  8385 | D:10     | Entered Level 10 of the Dungeon
  8504 | D:9      | Reached XP level 11. HP: 89/104 MP: 10/10
  8790 | D:10     | Killed an unseen horror
  8833 | D:10     | Reached skill level 5 in Axes
  9176 | D:10     | Found a staircase to the Lair.
  9190 | D:10     | HP: 4/104 [basilisk (6)]
  9199 | D:10     | Received a gift from Trog
  9582 | D:10     | Noticed dobroeutro's ghost (novice MiBe)
  9592 | D:10     | Killed dobroeutro's ghost
 10454 | D:11     | Noticed a white ugly thing
 10471 | D:11     | Slain by a white ugly thing

Skill      XL: |  1  2  3  4  5  6  7  8  9 10 11 |
---------------+----------------------------------+-----
Dodging        | 3 4 5 6 7 9 11 | 11.7
Armour         | 3 4 5 6 8 10 11 12 | 12.4
Fighting       | 4 5 6 7 8 10 11 12 | 12.6
Axes           | 4 8 |  8.0

Action                   |  1- 3 |  4- 6 |  7- 9 | 10-12 || total
-------------------------+-------+-------+-------+-------++-------
Melee: Hand axe          |    57 |   161 |   173 |       ||   391
       Headbutt          |    10 |    29 |    88 |    94 ||   221
       Flail             |       |       |   181 |   158 ||   339
       War axe           |       |       |       |   189 ||   189
Invok: Berserk           |     1 |     1 |     1 |     3 ||     6
       Trog's Hand       |       |     1 |       |     1 ||     2
  Use: Scroll            |       |       |     9 |     3 ||    12
 Stab: Distracted        |     1 |       |       |       ||     1
       Sleeping          |     1 |       |       |       ||     1
  Eat: Chunk             |     1 |     3 |    16 |     9 ||    29
       Beef jerky        |       |     1 |     1 |       ||     2
       Pizza             |       |       |       |     3 ||     3
       Royal jelly       |       |       |       |     1 ||     1
       Bread ration      |       |       |       |     1 ||     1
Armor: Animal skin       |    10 |       |       |       ||    10
       Ring mail         |     4 |       |       |       ||     4
       Scale mail        |       |    65 |   129 |   233 ||   427
       Chain mail        |       |       |    18 |       ||    18
Dodge: Dodged            |    44 |   107 |   227 |   336 ||   714
